 Dungeon Crawl Stone Soup version 0.30-a0-509-gd016549fea (webtiles) character file.

Game seed: 362743509995674841

1015 xzight the Magician (level 8, -5/46 HPs)
             Began as a Deep Elf Fire Elementalist on Dec 22, 2022.
             Was an Initiate of Ashenzari.
             Slain by a wraith (12 damage)
             ... on level 6 of the Dungeon.
             The game lasted 00:15:46 (5793 turns).

xzight the Magician (Deep Elf Fire Elementalist)    Turns: 5793, Time: 00:15:47

Health: -5/46      AC:  4    Str:  5    XL:     8   Next: 1%
Magic:  15/19      EV: 18    Int: 23    God:    Ashenzari [......]
Gold:   233        SH:  0    Dex: 15    Spells: 16/19 levels left

rFire   . . .      SeeInvis .    g - +0 dagger (speed)
rCold   . . .      Faith    .    (no shield)
rNeg    . . .      Spirit   .    a - +0 robe
rPois   .          Reflect  .    f - +0 helmet
rElec   .          Harm     .    (no cloak)
rCorr   .          Rampage  .    (no gloves)
Will    .....                    u - +0 pair of boots
Stlth   ++........               (no amulet)
HPRegen 0.27/turn                E - +4 ring of evasion
MPRegen 0.16/turn                (no ring)

@: slowed, very slow
A: no striking features
a: Renounce Religion, Curse Item


You were on level 6 of the Dungeon.
You worshipped Ashenzari.
Ashenzari was noncommittal.
You visited 2 branches of the dungeon, and saw 7 of its levels.

You collected 345 gold pieces.
You spent 112 gold pieces at shops.


   Skills:
 + Level 3.1 Fighting
 + Level 5.5 Dodging
 - Level 2.4 Stealth
 + Level 6.1 Spellcasting
 + Level 4.5 Conjurations
 + Level 5.5 Fire Magic


You had 16 spell levels left.
You knew the following spells:

 Your Spells              Type           Power      Damage    Failure   Level
a - Foxfire               Conj/Fire      100%       2x1d9     1%          1
b - Scorch                Fire           64%        2d8       1%          2

Your spell library contained the following spells:

 Spells                   Type           Power      Damage    Failure   Level
 Inner Flame              Hex/Fire       19%        N/A       9%          3
 Flame Wave               Conj/Fire      30%        2d9       11%         4
 Kindle Blastsparks       Fire/Tloc/Air  30%        2d12      12%         3
 Cigotuvi's Dreadful Rot  Necr/Pois/Air  14%        N/A       13%         2
 Ensorcelled Hibernation  Hex/Ice        14%        N/A       13%         2
 Passwall                 Tmut/Erth      5%         N/A       13%         2
 Poisonous Vapours        Pois/Air       14%        N/A       13%         2
 Mephitic Cloud           Conj/Pois/Air  14%        N/A       14%         3
 Swiftness                Air            7%         N/A       26%         3
 Animate Dead             Necr           7%         N/A       63%         4
 Haunt                    Necr/Summ      3%         N/A       100%        7
 Infestation              Necr           3%         N/A       100%        8

Inventory:

Hand Weapons
 g - a +0 dagger of speed (weapon)
Armour
 a - a +0 robe (worn)
 f - a +0 helmet (worn)
 u - a +0 pair of boots (worn)
Jewellery
 c - an amulet of faith {!P}
 C - a ring of ice
 E - a +4 ring of evasion (left hand)
Wands
 n - a wand of flame (8)
 D - a wand of digging (8)
Scrolls
 b - a scroll of enchant armour {unknown}
 i - a scroll of enchant weapon {unknown}
 j - 2 scrolls of immolation
 o - 9 scrolls of teleportation {unknown}
 p - 3 scrolls of blinking {unknown}
 q - 5 scrolls of identify {@r1}
 r - a scroll of silence {unknown}
 v - 2 scrolls of fear {unknown}
 w - a scroll of noise {unknown}
 y - a scroll of butterflies {unknown}
 A - a scroll of torment {unknown}
 B - 2 scrolls of acquirement {unknown}
Potions
 d - a potion of heal wounds {@q2}
 e - a potion of resistance {unknown}
 h - a potion of ambrosia {unknown}
 k - 2 potions of brilliance
 l - 5 potions of curing {@q1}
 m - 2 potions of might {unknown}
 s - a potion of berserk rage {unknown}
 t - a potion of cancellation {unknown}
 x - a potion of flight {unknown}
 z - a potion of mutation {unknown}

Dungeon Overview and Level Annotations

Branches:
Dungeon (6/15)             Temple (1/1) D:6

Altars:
Ashenzari
Dithmenos
Hepliaklqana
Makhleb
Nemelex Xobeh
Qazlal
Ru
Sif Muna
Trog
Uskayaw
Vehumet
Xom
Yredelemnul
Zin
The Shining One

Shops:
D:1 (   D:4 !

Annotations:
D:6 Edmund

▒.8.▒............................
......▒......................##.#
8[>.8...▒....................#
......▒......................#
▒.8.▒.....^..................#
.............................
.▒.▒...@....................
...........................
..▒............W@.......
........................
#............)..........
.......................
.......................
......................| ...
.................
.................


You could see a wraith.


Message History

You feel as though you will be slow longer.
The wraith barely misses you.
The foxfire hits the wraith but does no damage.
The wraith is heavily damaged.
The foxfire hits the wraith.
The wraith is heavily damaged.
The wraith completely misses you.
Casting: Foxfire (safe; 1% risk of failure)
Confirm with . or Enter, or press ? or * to list all spells.
You conjure some foxfire!
The wraith completely misses you. The wraith misses you.
The foxfire hits the wraith but does no damage.
The wraith is heavily damaged.
The foxfire hits the wraith but does no damage.
The wraith is heavily damaged.
The wraith hits you but does no damage.
Casting: Foxfire (safe; 1% risk of failure)
Confirm with . or Enter, or press ? or * to list all spells.
You conjure some foxfire!
The wraith hits you.
* * * LOW HITPOINT WARNING * * *
The wraith drains your vigour!
You feel as though you will be slow longer.
The wraith hits you!
* * * LOW HITPOINT WARNING * * *
The foxfire hits the wraith but does no damage.
The wraith is heavily damaged.
The foxfire hits the wraith but does no damage.
The wraith is heavily damaged.
The wraith hits you!
You die...

Skill      XL: |  1  2  3  4  5  6  7 |
---------------+----------------------+-----
Dodging        | 3 4 5 |  5.5
Fighting       | 1 2 3 |  3.1
Conjurations   | 2 3 4 |  4.5
Fire Magic     | 4 5 |  5.5
Spellcasting   | 4 5 6 |  6.1
Stealth        | |  2.4

Action                   |  1- 3 |  4- 6 |  7- 9 || total
-------------------------+-------+-------+-------++-------
 Cast: Foxfire           |    75 |    88 |    31 ||   194
       Scorch            |     4 |    23 |    18 ||    45
  Use: Scroll            |     1 |     1 |       ||     2
       Potion            |       |       |     4 ||     4
Armor: Robe              |     2 |    11 |     5 ||    18
Dodge: Dodged            |     7 |    68 |    35 ||   110

Levels and vault maps discovered:
D:1:      amcnicky_arrival_gap_in_the_tavern_cellar, layout_loops_ring,
          serial_shops, nicolae_shop_overgrown_old_shop, minmay_strange_pillars
D:2:      layout_basic, basic_altar
D:3:      layout_basic
D:4:      layout_loops_cross, serial_shops, nicolae_stop_n_shop_1,
          minmay_misc_feat_chi, nicolae_concentric_dashed_squares_wild
D:5:      layout_cave_pools, jmf_multi_god_temple, uniq_duvessa
D:6:      layout_basic, okawaru_trees_1, minmay_temple_entry_sparse_star,
          uniq_edmund
Temple:   oiseaux_autumnal_temple

Notes
Turn   | Place    | Note
-------+----------+-------------------------------------------
     0 | D:1      | xzight the Deep Elf Fire Elementalist began the quest for
                  | the Orb.
     0 | D:1      | Reached XP level 1. HP: 10/10 MP: 6/6
   125 | D:1      | Found Hiatz's Antique Weapon Shop.
   293 | D:1      | Reached XP level 2. HP: 15/15 MP: 2/8
   296 | D:1      | Learned a level 2 spell: Scorch
  1476 | D:2      | Reached XP level 3. HP: 20/20 MP: 7/9
  1601 | D:2      | Reached skill level 3 in Dodging
  1646 | D:2      | Found a bloodstained altar of Trog.
  2271 | D:3      | Reached skill level 1 in Fighting
  2271 | D:3      | Reached skill level 2 in Conjurations
  2394 | D:3      | Reached XP level 4. HP: 25/25 MP: 8/11
  2959 | D:4      | Found Mudeubopt's Distillery.
  2967 | D:4      | Bought a potion of curing for 42 gold pieces
  2967 | D:4      | Bought a potion of heal wounds for 70 gold pieces
  3045 | D:4      | Reached skill level 4 in Fire Magic
  3159 | D:4      | Reached skill level 4 in Spellcasting
  3159 | D:4      | Reached XP level 5. HP: 29/29 MP: 2/13
  3774 | D:4      | Reached skill level 4 in Dodging
  3774 | D:4      | Reached skill level 3 in Conjurations
  3949 | D:5      | Entered Level 5 of the Dungeon
  3955 | D:5      | Reached XP level 6. HP: 35/35 MP: 9/14
  4114 | D:5      | Reached skill level 2 in Fighting
  4408 | D:5      | Found a glowing golden altar of the Shining One.
  4408 | D:5      | Found a stormy altar of Qazlal.
  4424 | D:5      | Reached skill level 5 in Spellcasting
  4446 | D:5      | Identified a +0 robe of the Archmagi
  4446 | D:5      | Noticed Dowan
  4498 | D:6      | Found a staircase to the Ecumenical Temple.
  4533 | D:6      | Noticed an ice beast
  4560 | D:5      | Killed an ice beast
  4561 | D:5      | Reached XP level 7. HP: 29/40 MP: 5/16
  4650 | Temple   | Entered the Ecumenical Temple
  4935 | Temple   | Became a worshipper of Ashenzari the Shackled
  5111 | D:6      | Identified the +7 short sword "Impbane" {spect, +Blink
                  | rElec rCorr Int-3}
  5135 | D:6      | Reached skill level 5 in Fire Magic
  5209 | D:6      | Noticed Edmund
  5290 | D:5      | Reached skill level 5 in Dodging
  5290 | D:5      | Reached skill level 4 in Conjurations
  5346 | D:5      | Noticed Duvessa
  5372 | D:5      | Killed Dowan
  5373 | D:5      | Reached skill level 3 in Fighting
  5375 | D:5      | HP: 4/41 [Duvessa/+0 rapier (4)]
  5379 | D:5      | Killed Duvessa
  5380 | D:5      | Reached skill level 6 in Spellcasting
  5555 | D:5      | Reached XP level 8. HP: 46/46 MP: 16/19
  5793 | D:6      | Slain by a wraith

Vanquished Creatures
  Duvessa (D:5)
  An ogre (D:5)
  An ice beast (D:5)
  A phantom (D:5)
  A scorpion (D:4)
  Dowan (D:5)
  A howler monkey (D:5)
  4 jellies
  An orc priest (D:3)
  4 hounds
  A gnoll bouda (D:5)
  An iguana (D:4)
  3 gnolls
  5 adders
  A white imp (D:6)
  An ufetubus (D:4)
  A worm (D:3)
  4 dart slugs
  17 orcs
  5 endoplasms
  A giant cockroach (D:1)
  6 goblins
  8 hobgoblins
  8 jackals (D:3)
  3 quokkas
  6 ball pythons
  2 bats
  A frilled lizard (D:3)
  6 kobolds
  5 rats
101 creatures vanquished.

Vanquished Creatures (others)
  334 foxfires
334 creatures vanquished.

Grand Total: 435 creatures vanquished

Table legend: (Time is in decaauts)
 A = Elapsed time spent in this place.
 B = Non-inter-level travel time spent in this place.
 C = Inter-level travel time spent in this place.
 D = Time resting spent in this place.
 E = Time spent auto-exploring this place.
 F = Levels seen in this place.
 G = Mean time per level.
                   A        B        C        D        E       F      G
               +--------+--------+--------+--------+--------+-----+--------+
         Total |   5805 |   5544 |    261 |    879 |   3715 |   7 |  829.3 |
       Dungeon |   5494 |   5270 |    224 |    879 |   3455 |   6 |  915.7 |
        Temple |    311 |    275 |     36 |      0 |    260 |   1 |  311.0 |
               +--------+--------+--------+--------+--------+-----+--------+

Top non-repeatable levels by time:
     D:4: 1124 daAuts
     D:1: 1110 daAuts
     D:5: 1003 daAuts
     D:2: 936 daAuts
     D:3: 899 daAuts
     D:6: 420 daAuts
  Temple: 311 daAuts

Table legend:
 A = Non-vault XP
 B = Vault XP
 C = Vault XP percentage of total XP
 D = Non-vault monster count
 E = Vault monster count
 F = Vault count percentage of total count
                 A         B        C        D         E       F
            +---------+---------+-------+---------+---------+-------
      Total |    1187 |     264 |  18.2 |      97 |       4 |   4.0
            +---------+---------+-------+---------+---------+-------
        D:1 |      28 |       0 |   0.0 |      16 |       0 |   0.0
        D:2 |      21 |       0 |   0.0 |      13 |       0 |   0.0
        D:3 |     110 |       0 |   0.0 |      27 |       0 |   0.0
        D:4 |     195 |       8 |   3.9 |      14 |       1 |   6.7
        D:5 |     737 |     256 |  25.8 |      18 |       3 |  14.3
        D:6 |      96 |       0 |   0.0 |       9 |       0 |   0.0
            +---------+---------+-------+---------+---------+-------
